[Event "Titled Tuesday Blitz February 14 Late 2023"]
[White "Li, Hui"]
[Black "Solon, Nathan"]
[WhiteFideId "15400310"]
[BlackFideId "2017229"]
[WhiteElo "1963"]
[BlackElo "2306"]
[Result "0-1"]
[Round "01"]
[TimeControl "180+2"]
[Date "2023.02.14"]
[WhiteClock "0:00:01"]
[BlackClock "0:00:15"]

1. e4 c5 2. Nf3 e6 3. d4 cxd4 4. Nxd4 Nf6 5. Nc3 Nc6 6. Ndb5 Bc5 7. Bf4 O-O 8. Bd6 Bxd6 9. Qxd6 a6 10. Nd4 Ne8 11. Nxc6 bxc6 12. Qd4 d5 13. Be2 Rb8 14. b3 Nd6 15. O-O Qc7 16. e5 Nf5 17. Qf4 f6 18. Bd3 fxe5 19. Qg5 e4 20. Be2 Qe5 21. Na4 h6 22. Qd2 d4 23. Rfe1 e3 24. fxe3 Nxe3 25. Bf3 c5 26. c3 Bb7 27. Nxc5 Bxf3 28. cxd4 Qg5 29. Rxe3 Bd5 30. Nd7 Rf3 31. Nxb8 Rxe3 32. Qf2 Rd3 33. h4 Qg4 34. Kh2 Bxg2 35. Qxg2 Qxh4+ 36. Kg1 Qxd4+ 37. Kh2 Qh4+ 38. Kg1 Rg3 39. Rf1 Rxg2+ 40. Kxg2 Qg4+ 41. Kh1 Qe4+ 42. Kg1 Qd4+ 43. Kg2 Qd5+ 0-1


[Site "https://www.chess.com"]

[Event "Titled Tuesday Blitz February 14 Late 2023"]
[White "Firat, Burak"]
[Black "Fan_Of_Chucky"]
[WhiteFideId "6305881"]
[WhiteElo "2456"]
[BlackElo "2398"]
[Result "1-0"]
[Round "01"]
[TimeControl "180+2"]
[Date "2023.02.14"]
[WhiteClock "0:02:10"]
[BlackClock "0:01:14"]

1. Nf3 Nf6 2. g3 g6 3. b4 e6 4. a3 d6 5. Bb2 e5 6. Bg2 Bg7 7. c4 O-O 8. d3 c6 9. O-O Nbd7 10. Nbd2 Qc7 11. Rc1 d5 12. cxd5 Nxd5 13. Qc2 b6 14. Qxc6 Qxc6 15. Rxc6 Bb7 16. Rc2 b5 17. Rfc1 N7b6 18. Bxe5 Bxe5 19. Nxe5 Rfe8 20. Ndf3 f6 21. Nc6 Bxc6 22. Rxc6 Rxe2 23. Nd4 Ree8 24. Nxb5 a5 25. Nc7 Rad8 1-0


[Site "https://www.chess.com"]

[Event "Titled Tuesday Blitz February 14 Late 2023"]
[White "Kostiukov, Alexandr"]
[Black "Gascon Del Nogal, Jose Rafael"]
[WhiteFideId "14108100"]
[BlackFideId "3902463"]
[WhiteElo "2271"]
[BlackElo "2459"]
[Result "0-1"]
[Round "01"]
[TimeControl "180+2"]
[Date "2023.02.14"]
[WhiteClock "0:00:40"]
[BlackClock "0:01:22"]

1. g3 d5 2. Bg2 e5 3. d3 Nf6 4. e4 dxe4 5. dxe4 Qxd1+ 6. Kxd1 Bc5 7. f3 h5 8. h4 Nc6 9. Nd2 Be6 10. Bh3 Bxg1 11. Bxe6 Bf2 12. Bh3 Bxg3 13. Rg1 Bxh4 14. Rxg7 Ne7 15. Rg1 Bf2 16. Rg2 Be3 17. Nc4 Bxc1 18. Rxc1 Ng6 19. Bf5 Nh4 20. Rg3 Nxf5 21. exf5 h4 22. Rh3 O-O-O+ 23. Ke1 Rd4 24. b3 Rf4 25. Ne3 e4 26. fxe4 Rxe4 27. Kf2 Rhe8 28. Re1 Rxe3 29. Rhxe3 Ng4+ 30. Kf3 Rxe3+ 31. Rxe3 Nxe3 32. Kxe3 Kd7 33. Kf4 Kd6 0-1


[Site "https://www.chess.com"]

[Event "Titled Tuesday Blitz February 14 Late 2023"]
[White "Haydon, David L"]
[Black "Toktomushev, Teimur"]
[WhiteFideId "415405"]
[BlackFideId "14176726"]
[WhiteElo "2253"]
[BlackElo "2239"]
[Result "1-0"]
[Round "01"]
[TimeControl "180+2"]
[Date "2023.02.14"]
[WhiteClock "0:00:49"]
[BlackClock "0:00:02"]

1. e4 c5 2. Nf3 e6 3. d4 cxd4 4. Nxd4 a6 5. Bd3 Bc5 6. Nb3 Ba7 7. c4 Nc6 8. O-O Nge7 9. Nc3 O-O 10. Bf4 d6 11. Bc2 Ne5 12. Qe2 N7g6 13. Bg3 Bd7 14. Kh1 Rc8 15. Nd2 b5 16. cxb5 axb5 17. a3 Bd4 18. f4 Nc4 19. Nf3 Bf6 20. e5 dxe5 21. fxe5 Be7 22. a4 b4 23. Nb5 Bxb5 24. axb5 Qb6 25. Bd3 Na5 26. Bf2 Bc5 27. Bg3 Nb3 28. Rad1 Nd4 29. Nxd4 Bxd4 30. h4 Bc5 31. Qe4 f5 32. exf6 gxf6 33. Bc4 Rce8 34. h5 f5 35. Rxf5 Rxf5 36. Qxf5 Nf8 37. Qg5+ Kh8 38. Be5# 1-0


[Site "https://www.chess.com"]

[Event "Titled Tuesday Blitz February 14 Late 2023"]
[White "Szente Varga, Fruzsina"]
[Black "Cruz, Jonathan"]
[WhiteFideId "712264"]
[BlackFideId "3802124"]
[WhiteElo "2075"]
[BlackElo "2328"]
[Result "0-1"]
[Round "01"]
[TimeControl "180+2"]
[Date "2023.02.14"]
[WhiteClock "0:00:17"]
[BlackClock "0:00:16"]

1. e4 e5 2. Nf3 Nc6 3. Bb5 a6 4. Ba4 Nf6 5. Qe2 d6 6. O-O b5 7. Bb3 Be7 8. c3 O-O 9. Rd1 Bg4 10. h3 Bh5 11. d4 exd4 12. cxd4 d5 13. e5 Ne4 14. Be3 Kh8 15. Nbd2 f6 16. Rac1 Na5 17. Bc2 Nxd2 18. Rxd2 Nc4 19. Rdd1 fxe5 20. dxe5 Rxf3 21. gxf3 Nxe5 22. Be4 c6 23. Bf4 Bd6 24. Bxd5 cxd5 25. Bxe5 Qg5+ 26. Bg3 Bxg3 27. fxg3 Qxg3+ 28. Qg2 Qe5 29. Re1 Qf6 30. Rc7 Rf8 31. Rf1 Qb6+ 32. Kh1 Qxc7 33. Rg1 Qf7 34. Rf1 Bxf3 0-1


[Site "https://www.chess.com"]

[Event "Titled Tuesday Blitz February 14 Late 2023"]
[White "Sanchez, Sebastian Felipe"]
[Black "Nunez V, Gustavo Eduardo"]
[WhiteFideId "4403304"]
[BlackFideId "4403690"]
[WhiteElo "2427"]
[BlackElo "2212"]
[Result "1-0"]
[Round "01"]
[TimeControl "180+2"]
[Date "2023.02.14"]
[WhiteClock "0:01:03"]
[BlackClock "0:00:21"]

1. d4 Nf6 2. c4 g6 3. Nc3 Bg7 4. e4 d6 5. Nf3 O-O 6. h3 e5 7. d5 Nbd7 8. Be3 a5 9. g4 Nc5 10. Nd2 h6 11. Be2 Kh7 12. h4 Nfd7 13. h5 g5 14. Nf1 Nf6 15. Ng3 b6 16. b3 Bd7 17. Rb1 Ng8 18. Kf1 Ne7 19. Kg2 Qc8 20. Re1 Bf6 21. Kh3 Qa6 22. Bf1 Rfb8 23. Qf3 Kg7 24. a3 Qc8 25. a4 Na6 26. Be2 Nb4 27. Rb2 c5 28. dxc6 Nexc6 29. Nb5 Qf8 30. Rd1 Be7 31. Rbd2 Nd4 32. Nxd4 exd4 33. Bxd4+ f6 34. Nf5+ Bxf5 35. Qxf5 Qf7 36. f4 Nc6 37. fxg5 Nxd4 38. gxh6+ Kxh6 39. Rxd4 Rg8 40. Rf1 Raf8 41. Qf4+ Rg5 42. Rd5 Qe6 43. Bd3 Rg8 44. Rf5 Kh7 45. Rxg5 Rxg5 46. e5+ Kg7 47. exf6+ Bxf6 48. h6+ Kf7 49. Qxg5 Ke7 50. Rxf6 Qxf6 51. Qxf6+ Kxf6 52. g5+ Kxg5 53. h7 Kf4 54. h8=Q Ke3 55. Bf5 Kd2 56. Qd4+ Kc1 57. Qf2 Kd1 58. Qc2+ Ke1 59. Bd3 d5 60. Qe2# 1-0


[Site "https://www.chess.com"]

[Event "Titled Tuesday Blitz February 14 Late 2023"]
[White "Fernandez Siles, Luis"]
[Black "Risteski, Emil"]
[WhiteFideId "2209420"]
[BlackFideId "15005267"]
[WhiteElo "2218"]
[BlackElo "2366"]
[Result "0-1"]
[Round "01"]
[TimeControl "180+2"]
[Date "2023.02.14"]
[WhiteClock "0:00:02"]
[BlackClock "0:00:41"]

1. d4 Nf6 2. c4 e6 3. Nc3 c5 4. d5 exd5 5. cxd5 d6 6. e4 g6 7. f4 Bg7 8. Bb5+ Nfd7 9. a4 O-O 10. Nf3 Na6 11. O-O Nb4 12. Re1 a6 13. Bf1 Re8 14. h3 f5 15. Ng5 Nf8 16. Bc4 h6 17. Nf3 fxe4 18. Rxe4 Bf5 19. Rxe8 Qxe8 20. Bd2 Nc2 21. Rc1 Ne3 22. Qe2 Nxc4 23. Qxc4 Rb8 24. Re1 Qf7 25. g4 Bd7 26. Ne4 b5 27. axb5 axb5 28. Qc2 Rb6 29. Kg2 Qxd5 30. Bc3 b4 31. Bxg7 Kxg7 32. b3 Bc6 33. Qb2+ Kf7 34. Qf6+ Kg8 35. Qe7 Qf7 36. Qxd6 Bxe4 37. Qxb6 Qxf4 38. Rxe4 Qxe4 39. Qf6 Qe6 0-1


[Site "https://www.chess.com"]

[Event "Titled Tuesday Blitz February 14 Late 2023"]
[White "Thomforde-Toates, Noah"]
[Black "Ruiz Aguilar, Pablo Alexander"]
[WhiteFideId "30951992"]
[BlackFideId "4401352"]
[WhiteElo "2124"]
[BlackElo "2161"]
[Result "1-0"]
[Round "01"]
[TimeControl "180+2"]
[Date "2023.02.14"]
[WhiteClock "0:00:40"]
[BlackClock "0:00:04"]

1. d4 d5 2. Nc3 Nf6 3. Bf4 c5 4. e3 Bf5 5. dxc5 Nc6 6. Nf3 e6 7. Bd3 Bxc5 8. Bxf5 exf5 9. Bg5 Bb4 10. Qd3 h6 11. Bxf6 Qxf6 12. O-O Bxc3 13. bxc3 Rd8 14. Rab1 b6 15. Nd4 Nxd4 16. cxd4 O-O 17. c4 dxc4 18. Qxc4 Rc8 19. Qa6 Rc7 20. Rfc1 Qd6 21. g3 g6 22. a4 Kg7 23. Rxc7 Qxc7 24. a5 bxa5 25. Rb7 Qc1+ 26. Kg2 f4 27. exf4 Qe1 28. Qc6 Rd8 29. Qc7 Qe4+ 30. f3 Qe2+ 31. Kh3 Rf8 32. Qe5+ Qxe5 33. fxe5 Kg8 34. d5 Ra8 35. Rb5 a6 36. Rxa5 Kf8 37. Kg4 Ke7 38. Kf4 Kd7 39. Ke4 Kc7 40. f4 Kb6 41. Ra1 Rc8 42. e6 fxe6 43. dxe6 Rc2 44. Ke5 a5 45. Kf6 Re2 46. e7 g5 47. Kf7 gxf4 48. gxf4 Kb5 49. e8=Q+ Rxe8 50. Kxe8 Kb4 51. f5 a4 52. f6 Kb3 53. f7 a3 54. Rxa3+ Kb2 55. f8=Q Kc2 56. Qf2+ Kb1 57. Rg3 Kc1 58. Rg1# 1-0


[Site "https://www.chess.com"]

[Event "Titled Tuesday Blitz February 14 Late 2023"]
[White "Abdyzhaparov, Aidar"]
[Black "Volkov, Maksim"]
[WhiteFideId "13800361"]
[BlackFideId "54123070"]
[WhiteElo "1978"]
[BlackElo "2258"]
[Result "1-0"]
[Round "01"]
[TimeControl "180+2"]
[Date "2023.02.14"]
[WhiteClock "0:00:41"]
[BlackClock "0:00:19"]

1. Nf3 d5 2. c4 e6 3. g3 Nf6 4. Bg2 dxc4 5. Qa4+ Nbd7 6. O-O a6 7. Nc3 c5 8. Qxc4 b5 9. Qb3 Bb7 10. a4 c4 11. Qc2 b4 12. Nd1 Rc8 13. d3 cxd3 14. Qxd3 Be7 15. a5 O-O 16. Be3 Nd5 17. Nd4 Ne5 18. Qb1 Qd7 19. Nf3 Nxf3+ 20. Bxf3 Bf6 21. Qe4 Qb5 22. Qg4 Rc2 23. Rb1 Qxa5 24. Bg5 Bxg5 25. Qxg5 Rc5 26. Qd2 Rd8 27. Ne3 Nc3 28. bxc3 Rxd2 29. cxb4 Qc7 30. bxc5 Bxf3 31. exf3 g6 32. Rfc1 a5 33. c6 Rd6 34. Rb7 Qc8 35. c7 Qxb7 36. c8=Q+ Qxc8 37. Rxc8+ Kg7 38. Ra8 Rd2 39. Rxa5 Rb2 40. Kg2 h5 41. h4 Rb4 42. f4 Kf6 43. Ra7 Rd4 44. Nc2 Rc4 45. Ne1 Rd4 46. Nf3 1-0


[Site "https://www.chess.com"]

[Event "Titled Tuesday Blitz February 14 Late 2023"]
[White "Barbosa, Evandro Amorim"]
[Black "Gerbelli Neto, Eduardo"]
[WhiteFideId "2115824"]
[BlackFideId "2103281"]
[WhiteElo "2491"]
[BlackElo "2114"]
[Result "1-0"]
[Round "01"]
[TimeControl "180+2"]
[Date "2023.02.14"]
[WhiteClock "0:01:14"]
[BlackClock "0:00:09"]

1. e4 e5 2. Nf3 Nc6 3. Bc4 Nf6 4. d3 Bc5 5. O-O d6 6. c3 a5 7. Nbd2 O-O 8. h3 h6 9. Re1 Be6 10. Bb5 Ne7 11. d4 exd4 12. cxd4 Bb6 13. Bd3 Ng6 14. Nf1 Qe7 15. Ng3 Nh7 16. Nf5 Qf6 17. e5 dxe5 18. dxe5 Qd8 19. Qc2 Ng5 20. Bxg5 hxg5 21. Rad1 Qe8 22. Nxg5 Qc6 23. Qe2 Bxf5 24. Bxf5 Ne7 25. Bh7+ Kh8 26. Be4 Qh6 27. Qg4 c6 28. Rd7 Ng6 29. Bxg6 fxg6 30. Nf7+ Rxf7 31. Rxf7 Rd8 32. e6 1-0


[Site "https://www.chess.com"]

[Event "Titled Tuesday Blitz February 14 Late 2023"]
[White "FuenfgegenWilly"]
[Black "Katz, Alexander"]
[BlackFideId "2039796"]
[WhiteElo "2322"]
[BlackElo "2470"]
[Result "0-1"]
[Round "01"]
[TimeControl "180+2"]
[Date "2023.02.14"]
[WhiteClock "0:01:25"]
[BlackClock "0:00:40"]

1. e4 c6 2. Nc3 d5 3. Qe2 d4 4. Nd1 e5 5. d3 Be6 6. f4 exf4 7. Bxf4 Ne7 8. Nf3 Ng6 9. Bd2 Be7 10. g3 c5 11. Bg2 Nc6 12. O-O Nce5 13. c3 O-O 14. c4 a6 15. a4 b6 16. h3 Rb8 17. b3 b5 18. axb5 axb5 19. Nxe5 Nxe5 20. Bf4 Bd6 21. Kh2 bxc4 22. bxc4 Rb3 23. Nf2 Ng6 24. e5 Be7 25. Ra8 Qb6 26. Rfa1 Rb2 27. Qe1 Nxf4 28. gxf4 g6 29. Rxf8+ Kxf8 30. Ne4 Kg7 31. Qa5 Qb3 32. Rd1 Qxd1 0-1


[Site "https://www.chess.com"]

[Event "Titled Tuesday Blitz February 14 Late 2023"]
[White "Dobrikov, Marco"]
[Black "Alfaro, William"]
[WhiteFideId "12950378"]
[BlackFideId "6100457"]
[WhiteElo "2269"]
[BlackElo "2134"]
[Result "1-0"]
[Round "01"]
[TimeControl "180+2"]
[Date "2023.02.14"]
[WhiteClock "0:00:07"]
[BlackClock "0:00:11"]

1. c3 c5 2. d4 cxd4 3. cxd4 d5 4. Nc3 Nf6 5. Bg5 Nc6 6. e3 Bf5 7. Nf3 e6 8. Rc1 Be7 9. Bxf6 Bxf6 10. Bd3 Bg4 11. h3 Bh5 12. Qb3 Rb8 13. g4 Bg6 14. Bxg6 hxg6 15. Kf1 a6 16. Kg2 Na5 17. Qc2 Rc8 18. Qd3 Nc4 19. b3 Nd6 20. Na4 Ne4 21. Nc3 Nd6 22. Rc2 Qa5 23. Rhc1 O-O 24. Na4 Rxc2 25. Rxc2 Ne4 26. Nc3 Nd6 27. Ne2 g5 28. Ng3 g6 29. Qe2 Qb5 30. Qxb5 axb5 31. Ne2 Ra8 32. Nc1 Kf8 33. Nd3 Ke8 34. Nd2 Kd8 35. f3 b6 36. Nc1 Kd7 37. Ne2 b4 38. e4 Nb5 39. e5 Be7 40. Nf1 Na3 41. Rc1 Nb5 42. Rc2 Bd8 43. Ne3 Be7 44. Nd1 Na3 45. Rd2 Nb5 46. Nb2 Nc3 47. Nd3 Rxa2 48. Rxa2 Nxa2 49. Kf2 Nc3 50. Nxc3 bxc3 51. Ke3 Kc6 52. Ke2 Kb5 53. Kd1 Ka5 54. Kc2 Bb4 55. Kb1 Be7 56. Kc2 Bb4 57. Nc1 b5 58. Na2 Be7 59. Nxc3 f6 60. exf6 Bxf6 61. Ne2 Kb4 62. Kb2 e5 63. dxe5 Bxe5+ 64. Kc2 d4 65. Nc1 Bg3 66. Nd3+ Ka3 67. Nc5 Bd6 68. Ne6 Be5 69. Nxg5 d3+ 70. Kxd3 Kxb3 71. Ne6 Ka2 72. f4 Bh8 73. h4 b4 74. Nc5 Bf6 75. g5 Be7 76. Ne4 b3 77. Nd2 b2 78. Kc2 Bb4 79. Nb1 Bd6 80. f5 gxf5 81. g6 Be5 82. h5 f4 83. h6 f3 84. g7 f2 85. g8=Q+ Ka1 86. Qa8# 1-0


[Site "https://www.chess.com"]

[Event "Titled Tuesday Blitz February 14 Late 2023"]
[White "Liu, Casper"]
[Black "Han, Yichen"]
[WhiteFideId "1454153"]
[BlackFideId "1054430"]
[WhiteElo "2278"]
[BlackElo "2413"]
[Result "0-1"]
[Round "01"]
[TimeControl "180+2"]
[Date "2023.02.14"]
[WhiteClock "0:00:32"]
[BlackClock "0:00:19"]

1. d4 g6 2. Bf4 Bg7 3. Nc3 d5 4. h4 h5 5. e3 Nf6 6. Bd3 c5 7. Bb5+ Bd7 8. Qe2 cxd4 9. exd4 Nc6 10. O-O-O O-O 11. f3 Rc8 12. Kb1 a6 13. Ba4 b5 14. Bb3 Bf5 15. Nh3 Na5 16. Nf2 Nxb3 17. axb3 b4 18. g4 hxg4 19. fxg4 Nxg4 20. Nxg4 bxc3 21. Nh6+ Bxh6 22. Bxh6 cxb2 23. Bxf8 Qa5 24. Kxb2 Qc3+ 25. Ka2 Bxc2 26. Rb1 Bxb1+ 27. Rxb1 Kxf8 28. Qe5 Qa5+ 29. Kb2 Qd2+ 30. Ka1 Kg8 31. Rb2 Rc1+ 32. Ka2 Qa5# 0-1


[Site "https://www.chess.com"]

[Event "Titled Tuesday Blitz February 14 Late 2023"]
[White "Domingo Nunez, Ruben"]
[Black "Bernat, David"]
[WhiteFideId "22245570"]
[BlackFideId "2099225"]
[WhiteElo "2416"]
[BlackElo "1862"]
[Result "1-0"]
[Round "01"]
[TimeControl "180+2"]
[Date "2023.02.14"]
[WhiteClock "0:02:53"]
[BlackClock "0:02:56"]

1. e4 c5 2. d4 cxd4 3. c3 dxc3 4. Nxc3 e6 5. Nf3 a6 6. Bc4 Nc6 7. O-O b5 8. Bb3 Bb7 9. a4 b4 10. Nd5 Nge7 11. Bg5 h6 12. Bh4 g5 13. Nf6# 1-0


[Site "https://www.chess.com"]

[Event "Titled Tuesday Blitz February 14 Late 2023"]
[White "Itkis, Boris"]
[Black "Gubajdullin, Alexei"]
[WhiteFideId "1209167"]
[BlackFideId "4141202"]
[WhiteElo "2329"]
[BlackElo "2285"]
[Result "1-0"]
[Round "01"]
[TimeControl "180+2"]
[Date "2023.02.14"]
[WhiteClock "0:00:20"]
[BlackClock "0:00:05"]

1. c4 Nf6 2. Nf3 g6 3. b4 Bg7 4. Bb2 O-O 5. g3 a5 6. b5 d6 7. Bg2 Nbd7 8. O-O e5 9. d3 a4 10. a3 Nc5 11. Nbd2 Bd7 12. Qc2 c6 13. Rab1 Rc8 14. bxc6 Bxc6 15. Bc3 Nfd7 16. Ne1 Bxg2 17. Nxg2 f5 18. Ne3 f4 19. Nd5 h5 20. Rb5 fxg3 21. hxg3 h4 22. Kg2 hxg3 23. fxg3 Rxf1 24. Nxf1 Qf8 25. Nfe3 Qf7 26. Rb1 Qe6 27. Rf1 Nb3 28. Rf2 Nd4 29. Bxd4 exd4 30. Nf1 Qe5 31. Nd2 Nc5 32. Nf3 Qe8 33. Qd2 Ne6 34. Ng5 Bh6 35. Nf6+ Kh8 36. Nxe8 Bxg5 37. Nxd6 Bxd2 38. Nxc8 Bc1 39. Nb6 Nc5 40. Rf8+ Kg7 41. Ra8 Bxa3 42. Nxa4 Ne6 43. Ra7 Nd8 44. Ra8 Ne6 45. Nb6 Bc5 46. Nd5 b6 47. Kf3 Ng5+ 48. Kg4 Nf7 49. Ra7 Kf8 50. Rb7 Ke8 51. Nxb6 Ne5+ 52. Kh3 Nc6 53. Nd5 Ne5 54. Rb5 Bd6 55. Nf6+ Kf7 56. Ne4 Be7 57. Rxe5 Bf8 58. Rd5 Ke6 59. Rxd4 Be7 60. Rd5 g5 61. Rxg5 Kf7 62. Kg4 Bb4 63. Kf5 Be1 64. Rg4 Bb4 65. c5 Ba5 66. Nd6+ Ke7 67. Rg7+ Kd8 68. Ke6 Bc3 69. Rd7# 1-0


[Site "https://www.chess.com"]

[Event "Titled Tuesday Blitz February 14 Late 2023"]
[White "Fiorito, Joaquin"]
[Black "Stachanczyk, Jacek"]
[WhiteFideId "180173"]
[BlackFideId "1116657"]
[WhiteElo "2405"]
[BlackElo "2147"]
[Result "0-1"]
[Round "01"]
[TimeControl "180+2"]
[Date "2023.02.14"]
[WhiteClock "0:01:30"]
[BlackClock "0:01:23"]

1. d4 d5 2. Nc3 Nf6 3. Bf4 c5 4. e4 dxe4 5. dxc5 Qa5 6. Qd2 a6 7. O-O-O Nc6 8. Kb1 Be6 9. Qe3 g6 10. Nge2 Bg7 11. Nc1 Ng4 12. Qg3 Bxc3 13. bxc3 Qxc5 14. h3 Nxf2 0-1


[Site "https://www.chess.com"]

[Event "Titled Tuesday Blitz February 14 Late 2023"]
[White "Bogaudinov, Rushan"]
[Black "Di Berardino, Diego Rafael"]
[WhiteFideId "4129288"]
[BlackFideId "2105446"]
[WhiteElo "1939"]
[BlackElo "2479"]
[Result "0-1"]
[Round "01"]
[TimeControl "180+2"]
[Date "2023.02.14"]
[WhiteClock "0:00:01"]
[BlackClock "0:00:17"]

1. d4 Nf6 2. Nf3 g6 3. g3 Bg7 4. Bg2 O-O 5. O-O d6 6. b3 e5 7. e3 Nbd7 8. Bb2 e4 9. Nfd2 Re8 10. c4 Nf8 11. Nc3 Bf5 12. b4 h5 13. b5 Qd7 14. a4 Bh3 15. Nd5 Bxg2 16. Kxg2 N8h7 17. Nxf6+ Bxf6 18. c5 Ng5 19. cxd6 cxd6 20. Rc1 Rac8 21. Qe2 d5 22. Rxc8 Rxc8 23. Rc1 Rxc1 24. Bxc1 h4 25. Ba3 Qc8 26. gxh4 Qh3+ 27. Kg1 Nf3+ 28. Nxf3 exf3 29. Qf1 Qxh4 30. Bd6 Qe4 31. Bb8 a6 32. bxa6 bxa6 33. Qxa6 Qb1+ 34. Qf1 Qxb8 35. Qb5 Qc8 36. Qf1 Bd8 0-1


[Site "https://www.chess.com"]

[Event "Titled Tuesday Blitz February 14 Late 2023"]
[White "Koellner, Ruben Gideon"]
[Black "Fajdetic, Hrvoje"]
[WhiteFideId "12993093"]
[BlackFideId "14501945"]
[WhiteElo "2426"]
[BlackElo "2151"]
[Result "0-1"]
[Round "01"]
[TimeControl "180+2"]
[Date "2023.02.14"]
[WhiteClock "0:00:02"]
[BlackClock "0:00:11"]

1. d4 e6 2. Nf3 f5 3. Bg5 Nf6 4. Nc3 d5 5. e3 Bd6 6. Ne5 O-O 7. f4 Nbd7 8. Be2 c5 9. Nb5 Bb8 10. O-O a6 11. Na3 Qe8 12. Nxd7 Nxd7 13. c4 dxc4 14. Nxc4 b5 15. Ne5 Nxe5 16. dxe5 Bb7 17. Bf3 Qc8 18. Rc1 Bxf3 19. Qxf3 Ba7 20. Rfd1 Qc7 21. Rd6 h6 22. Bh4 Rae8 23. Rcd1 c4 24. Rxa6 Qc5 25. Bf2 Rd8 26. Rad6 Rxd6 27. exd6 Rd8 28. d7 Qc7 29. e4 Bxf2+ 30. Qxf2 Rxd7 31. Rxd7 Qxd7 32. exf5 exf5 33. h3 Qd1+ 34. Kh2 Qd3 35. a3 c3 36. bxc3 Qxc3 0-1


[Site "https://www.chess.com"]

[Event "Titled Tuesday Blitz February 14 Late 2023"]
[White "Piriflillo"]
[Black "Vlassov, Nikolai"]
[BlackFideId "4103360"]
[WhiteElo "2322"]
[BlackElo "2283"]
[Result "0-1"]
[Round "01"]
[TimeControl "180+2"]
[Date "2023.02.14"]
[WhiteClock "0:00:39"]
[BlackClock "0:01:20"]

1. d4 Nf6 2. c4 Nc6 3. Nf3 e6 4. Nc3 Bb4 5. Qc2 d6 6. Bd2 O-O 7. a3 Bxc3 8. Bxc3 Qe7 9. e3 e5 10. Be2 Bg4 11. O-O e4 12. Ne1 Bxe2 13. Qxe2 d5 14. b4 Qe6 15. f3 dxc4 16. fxe4 Nxe4 17. Rc1 Ne7 18. Nf3 b5 19. a4 a6 20. Be1 Nd5 21. Nd2 Rae8 22. Qf3 f5 23. axb5 axb5 24. Bg3 Nxd2 25. Qf2 Nxf1 26. Rxf1 Qxe3 27. Be5 Qxf2+ 28. Rxf2 c3 29. Rc2 c6 30. Kf2 g5 31. g3 Rf7 32. h4 h6 33. hxg5 hxg5 34. Kf3 Ra7 35. Rh2 g4+ 36. Kg2 Ra2+ 37. Kg1 Rxh2 38. Kxh2 c2 39. Bf4 Nxf4 40. gxf4 c1=Q 0-1


[Site "https://www.chess.com"]

[Event "Titled Tuesday Blitz February 14 Late 2023"]
[White "Alvarez Calzadilla, Jose Avelino"]
[Black "Vaglio Munoz, Jaime"]
[WhiteFideId "3526151"]
[BlackFideId "6500145"]
[WhiteElo "2386"]
[BlackElo "2174"]
[Result "1-0"]
[Round "01"]
[TimeControl "180+2"]
[Date "2023.02.14"]
[WhiteClock "0:01:20"]
[BlackClock "0:00:34"]

1. e4 e6 2. d4 d5 3. Nd2 dxe4 4. Nxe4 Nf6 5. Nxf6+ Qxf6 6. Nf3 h6 7. Bd3 Nc6 8. c3 Bd6 9. Qe2 Bd7 10. b4 O-O-O 11. b5 Ne7 12. O-O Nd5 13. c4 Nf4 14. Bxf4 Qxf4 15. c5 Be7 16. g3 Qg4 17. Be4 f5 18. Bxb7+ Kb8 19. Bc6 Bf6 20. Bxd7 Rxd7 21. Qxe6 Rhd8 22. Qa6 Ka8 23. Qc6+ Kb8 24. Qa6 Ka8 25. c6 Rb8 26. cxd7 Qxf3 27. Qc6+ Qxc6 28. bxc6 Rb5 29. Rfe1 Rb8 30. Rab1 Rd8 31. Re8 a5 32. Rxd8+ Bxd8 33. d5 Bf6 34. d6 Bd8 35. dxc7 Bxc7 36. Rd1 Bd8 37. c7 Bxc7 38. d8=Q+ 1-0


[Site "https://www.chess.com"]

[Event "Titled Tuesday Blitz February 14 Late 2023"]
[White "Ardila, Oscar Humberto"]
[Black "Melikyan, Gnel"]
[WhiteFideId "4404742"]
[BlackFideId "54109990"]
[WhiteElo "1982"]
[BlackElo "2238"]
[Result "0-1"]
[Round "01"]
[TimeControl "180+2"]
[Date "2023.02.14"]
[WhiteClock "0:00:11"]
[BlackClock "0:00:55"]

1. d4 Nc6 2. d5 Ne5 3. Nf3 Nxf3+ 4. gxf3 c6 5. Nc3 Nf6 6. e4 cxd5 7. Nxd5 Nxd5 8. Qxd5 e6 9. Qd4 Qb6 10. Be3 Qxd4 11. Bxd4 f6 12. Rg1 Kf7 13. Bc4 Bd6 14. h4 b6 15. O-O-O Bc7 16. Be3 Rd8 17. Rd2 Bb7 18. Rgd1 Bc6 19. Kb1 b5 20. Bb3 a5 21. a3 Rab8 22. h5 a4 23. Ba2 b4 24. axb4 Rxb4 25. Bc5 Rb5 26. Ba3 Rxh5 27. Rg1 f5 28. Rd4 Bb6 29. Rc4 Bxf2 30. Rf1 Bb6 31. Rd1 Rg5 32. Bd6 fxe4 33. fxe4 Rg1 34. Rxg1 Bxg1 35. e5 g5 36. Rg4 Be3 37. Bc4 h5 38. Rg3 Bf4 39. Rh3 Rh8 40. Be2 Be4 41. Bxh5+ Kg7 42. Bg4 Rxh3 43. Bxh3 Bf3 44. b3 axb3 45. cxb3 g4 46. Bf1 g3 47. b4 g2 48. Bxg2 Bxg2 49. Kc2 Bf1 50. Kc3 Kg6 51. Kd4 Kf5 52. Bc7 Bh2 53. Bd6 Bg1+ 54. Kc3 Ke4 55. Bc7 Bd4+ 56. Kb3 Bxe5 57. Bb6 d5 58. Bc5 d4 59. Be7 d3 60. Bg5 Bf4 61. Bf6 d2 62. Kc2 Be2 0-1


[Site "https://www.chess.com"]

[Event "Titled Tuesday Blitz February 14 Late 2023"]
[White "Janaszak, Dawid"]
[Black "Buscar, Michael"]
[WhiteFideId "1119206"]
[BlackFideId "2603616"]
[WhiteElo "2316"]
[BlackElo "2041"]
[Result "1-0"]
[Round "01"]
[TimeControl "180+2"]
[Date "2023.02.14"]
[WhiteClock "0:00:10"]
[BlackClock "0:00:03"]

1. e4 c5 2. Nc3 Nc6 3. Bb5 g6 4. Bxc6 dxc6 5. d3 Bg7 6. Be3 b6 7. Qd2 Nf6 8. Bh6 O-O 9. Nge2 Ne8 10. h4 Bxh6 11. Qxh6 Ng7 12. Ng3 f6 13. f4 Bg4 14. f5 gxf5 15. exf5 Qd6 16. Nce4 Qe5 17. O-O Nxf5 18. Nxf5 Bxf5 19. Rae1 Qd4+ 20. Kh1 Qd7 21. Rf3 Rf7 22. Rg3+ Kh8 23. Qf4 Bxe4 24. Rxe4 e5 25. Qh6 Rg8 26. Ree3 Rxg3 27. Rxg3 Qf5 28. Qe3 Rg7 29. Rf3 Qg4 30. Qf2 Rg6 31. Rxf6 Kg7 32. Rf7+ Kg8 33. Rxa7 Qf4 34. Qxf4 exf4 35. Rb7 b5 36. Rc7 Re6 37. b3 h6 38. a4 c4 39. dxc4 bxa4 40. bxa4 Re1+ 41. Kh2 Ra1 42. Rxc6 Rxa4 43. Kh3 Kg7 44. Kg4 Ra2 45. Kxf4 Rxc2 46. g3 Rc1 47. c5 Rc4+ 48. Kf5 Rc3 49. Rc7+ Kg8 50. g4 Rc4 51. g5 hxg5 52. hxg5 Kf8 53. g6 Rc1 54. Ke5 Kg8 55. Kd5 Rg1 56. g7 Rd1+ 57. Kc6 Rb1 58. Kd7 Kxg7 59. c6 Kf6 60. Rc8 Rd1+ 61. Kc7 Ke7 62. Rh8 Rb1 63. Rh7+ Ke8 64. Kc8 Rc1 65. c7 Rb1 66. Rh5 Ke7 67. Re5+ Kd6 68. Re2 Rh1 69. Rd2+ Kc6 70. Rc2+ Kb6 71. Kb8 Rb1 72. c8=Q Ka5+ 73. Ka7 Rb6 74. Ra2+ Kb5 75. Rb2+ Ka5 76. Qc5+ Ka4 77. Qc4+ Ka5 78. Qa2# 1-0


[Site "https://www.chess.com"]

[Event "Titled Tuesday Blitz February 14 Late 2023"]
[White "Gonzalez, Francisco Silva"]
[Black "Martynov, Pavel"]
[WhiteFideId "1512285"]
[BlackFideId "4101260"]
[WhiteElo "2021"]
[BlackElo "2414"]
[Result "1-0"]
[Round "01"]
[TimeControl "180+2"]
[Date "2023.02.14"]
[WhiteClock "0:00:10"]
[BlackClock "0:00:08"]

1. d4 d5 2. c4 e6 3. Nc3 c5 4. cxd5 exd5 5. Nf3 Nc6 6. dxc5 d4 7. Na4 Bxc5 8. Nxc5 Qa5+ 9. Bd2 Qxc5 10. b4 Qb6 11. a4 Nxb4 12. a5 Qd6 13. e3 d3 14. Qa4+ Nc6 15. Ra3 Bf5 16. e4 Qe7 17. Bxd3 Nf6 18. O-O Bd7 19. a6 bxa6 20. Qxa6 O-O 21. Re1 Nb4 22. Qa5 Nxd3 23. Rxd3 Be6 24. Bb4 Qb7 25. Bxf8 Rxf8 26. Ra3 Ra8 27. Ng5 Bd7 28. e5 Nd5 29. h3 h6 30. Ne4 Nf4 31. Qd2 g5 32. Qxd7 Qb4 33. Nf6+ Kg7 34. Rea1 Ne2+ 35. Kh2 Qf4+ 36. Rg3 Nxg3 37. fxg3 Qxe5 38. Nh5+ Kg6 39. Qd3+ f5 40. Ra6+ Kf7 41. Qd7+ Qe7 42. Qd5+ Ke8 43. Re6 Kf7 44. Rxe7+ 1-0


[Site "https://www.chess.com"]